 Dungeon Crawl Stone Soup version 0.25.0-26-g0c896c7088 (webtiles) character file.

Game seed: 16611162222271757797

516 Delamore the Cudgeler (level 7, 0/45 HPs)
             Began as a Gargoyle Fighter on July 2, 2020.
             Was an Initiate of Okawaru.
             Slain by a troll (4 damage)
             ... on level 4 of the Dungeon.
             The game lasted 00:03:00 (3482 turns).

Delamore the Cudgeler (Gargoyle Fighter)            Turns: 3482, Time: 00:03:01

Health: 0/45       AC: 12    Str: 22    XL:     7   Next: 20%
Magic:  7/7        EV:  7    Int:  8    God:    Okawaru [......]
Gold:   117        SH:  9    Dex:  9    Spells: 6/6 levels left

rFire    . . .     SeeInvis .   a - +0 flail
rCold    . . .     Gourm    .   c - +0 kite shield
rNeg     + . .     Faith    .   b - +0 scale mail
rPois    ∞         Spirit   .   (no helmet)
rElec    +         Reflect  .   (no cloak)
rCorr    .         Harm     .   (no gloves)
MR       .....                  i - +0 pair of boots
Stlth    ..........             (no amulet)
HPRegen  0.15/turn              (no ring)
MPRegen  0.10/turn              (no ring)

@: no status effects
A: negative energy resistance 1, electricity resistance, unbreathing,
petrification resistance, rot immunity, AC +4
a: Renounce Religion


You were on level 4 of the Dungeon.
You worshipped Okawaru.
Okawaru was noncommittal.
You were not hungry.

You visited 2 branches of the dungeon, and saw 5 of its levels.

You collected 117 gold pieces.

Inventory:

Hand Weapons
 a - a +0 flail (weapon)
Armour
 b - a +0 scale mail (worn)
 c - a +0 kite shield (worn)
 i - a +0 pair of boots (worn)
 p - a +0 helmet
Wands
 n - a wand of enslavement (10)
 o - a wand of iceblast (9)
Scrolls
 e - 2 scrolls of teleportation
 h - 3 scrolls of identify
 l - 3 scrolls of remove curse
 t - a scroll of blinking {unknown}
Potions
 d - 2 potions of might
 g - a potion of heal wounds {unknown}
 j - a potion of ambrosia {unknown}
 k - 2 potions of mutation {unknown}
 m - a potion of curing {unknown}
 q - a potion of brilliance {unknown}
 r - a potion of berserk rage {unknown}
Comestibles
 f - 8 rations


   Skills:
 + Level 5.9 Fighting
 + Level 6.1 Maces & Flails
 - Level 3.2 Armour
 - Level 3.2 Shields


You had 6 spell levels left.
You didn't know any spells.
Your spell library was empty.

Dungeon Overview and Level Annotations

Branches:
Dungeon (4/15)             Temple (1/1) D:4

Altars:
Ashenzari
Cheibriados
Dithmenos
Elyvilon
Fedhas
Gozag
Hepliaklqana
Kikubaaqudgha
Makhleb
Nemelex Xobeh
Okawaru
Qazlal
Ru
Sif Muna
Uskayaw
Vehumet
Wu Jian
Xom
Yredelemnul
Zin
The Shining One

Annotations:
D:3 1 runed translucent door, paps's ghost, amateur OpTm


Innate Abilities, Weirdness & Mutations

You are resistant to torment.
Your stone body is resilient. (AC +4)
You are immune to poison.
You resist negative energy. (rN+)
You are resistant to electric shocks. (rElec)
You can survive without breathing.
You are immune to petrification.
You are immune to rotting.


Message History

The centaur is severely wounded.
The centaur hits you. You block the troll's attack. The troll claws you.
The troll claws you!
* * * LOW HITPOINT WARNING * * *
You are too injured to fight recklessly!
You are too injured to fight recklessly!
There are monsters nearby!
You are too injured to fight recklessly!
You hit the centaur.
The centaur is severely wounded.
You block the centaur's attack. The centaur hits you.
* * * LOW HITPOINT WARNING * * *
The troll bites you but does no damage. You block the troll's attack.
The troll barely misses you.
You sock the centaur!
You kill the centaur!
Okawaru accepts your kill.
Your Maces & Flails skill increases to level 6!
The troll bites you.
You die...

# ## ######### #.
...## #........
.##...## #........
.#.?..# #........
.#...# #........
#)#..#####........
#@#......###......
##T.#....###......
#.(..............
##......##.......
#....>..........
#....#+###.......
..#.#.#...........
.......#.###.)#.###
.######.# #..#.# #


You could see a troll.

Vanquished Creatures
  2 centaurs
  A scorpion (D:4)
  A hound (D:4)
  An orc wizard (D:3)
  A centaur skeleton (D:4)
  2 worker ants (D:4)
  6 adders
  2 oozes (D:2)
  3 worms
  A dart slug (D:1)
  6 leopard geckos
  7 orcs (D:3)
  12 bats
  6 giant cockroaches
  9 goblins
  10 hobgoblins
  6 jackals
  2 quokkas
  15 frilled lizards
  5 kobolds
  A leopard gecko skeleton (D:4)
  8 rats
107 creatures vanquished.

Notes
Turn   | Place    | Note
-------+----------+-------------------------------------------
     0 | D:1      | Delamore the Gargoyle Fighter began the quest for the Orb.
     0 | D:1      | Reached XP level 1. HP: 14/14 MP: 1/1
   167 | D:1      | Reached XP level 2. HP: 19/19 MP: 2/2
   220 | D:1      | Reached skill level 3 in Maces & Flails
   491 | D:1      | Reached XP level 3. HP: 15/23 MP: 3/3
   940 | D:2      | Reached skill level 4 in Maces & Flails
  1092 | D:2      | Reached XP level 4. HP: 27/28 MP: 4/4
  1716 | D:2      | Reached XP level 5. HP: 32/33 MP: 5/5
  2386 | D:3      | Noticed a centaur
  2398 | D:3      | Killed a centaur
  2398 | D:3      | Reached skill level 5 in Maces & Flails
  2398 | D:3      | Reached XP level 6. HP: 27/39 MP: 6/6
  2565 | D:3      | Reached skill level 5 in Fighting
  2679 | D:3      | Found a runed translucent door.
  2679 | D:3      | Noticed paps's ghost (amateur OpTm)
  3021 | D:4      | Found a staircase to the Ecumenical Temple.
  3261 | Temple   | Entered the Ecumenical Temple
  3350 | Temple   | Became a worshipper of Warmaster Okawaru
  3394 | D:4      | Reached XP level 7. HP: 35/45 MP: 7/7
  3476 | D:4      | Noticed a troll
  3482 | D:4      | Reached skill level 6 in Maces & Flails
  3482 | D:4      | Slain by a troll

Illustrated notes

Levels and vault maps discovered:
D:1:      dpeg_arrival_ternary, layout_rooms, minmay_lizard_king
D:2:      minmay_angry_zag, layout_basic
D:3:      layout_rooms, ebering_ghost_inner_flame, cheibrodos_sewer_entry_bend,
          minmay_quantized
D:4:      wad_crossroads, layout_basic, minmay_temple_entry_butterflies,
          first_ration, minmay_manual_mess
Temple:   dpeg_three_leaves_temple

Skill      XL: |  1  2  3  4  5  6  7 |
---------------+----------------------+-----
Maces & Flails | 3 4 5 6 |  6.1
Fighting       | 4 5 |  5.9
Armour         | |  3.2
Shields        | |  3.2

Action                   |  1- 3 |  4- 6 |  7- 9 || total
-------------------------+-------+-------+-------++-------
Melee: Flail             |   198 |   287 |    11 ||   496
  Use: Scroll            |       |     2 |       ||     2
  Eat: Chunk             |     1 |     8 |       ||     9
Armor: Scale mail        |   171 |   215 |     5 ||   391
Dodge: Dodged            |    79 |   121 |     3 ||   203
Block: Kite shield       |   148 |   187 |    13 ||   348
